 Dungeon Crawl Stone Soup version 0.23.0 (webtiles) character file.

Game seed: 13718504695699970651

651 SnubMonkey the Chiller (level 7, -11/46 HPs)
             Began as a Barachi Ice Elementalist on Feb 15, 2019.
             Killed by nerve-wracking pain
             ... invoked by an orc priest
              (13 damage)
             ... on level 4 of the Dungeon.
             The game lasted 00:16:13 (5347 turns).

SnubMonkey the Chiller (Barachi Ice Elementalist)   Turns: 5347, Time: 00:16:14

Health: -11/46     AC: 10    Str:  9    XL:     7   Next: 53%
Magic:  2/13       EV: 12    Int: 18    God:
Gold:   84         SH:  0    Dex: 12    Spells: 0/14 levels left

rFire    . . .     SeeInvis .   a - +0 short sword (venom)
rCold    . . .     Gourm    .   (no shield)
rNeg     . . .     Faith    .   p - +0 leather armour
rPois    .         Spirit   .   (no helmet)
rElec    .         Reflect  .   (no cloak)
rCorr    .         Harm     .   (no gloves)
MR       .....                  l - +0 pair of boots
Stlth    ++........             (no amulet)
HPRegen  0.15/turn              (no ring)
MPRegen  0.13/turn              (no ring)

@: icy armour, very slightly contaminated, hasted, invisible, quick
A: +LOS, swims, slowness 1, strong legs 1
a: Hop


You were on level 4 of the Dungeon.
You were not hungry.

You visited 1 branch of the dungeon, and saw 4 of its levels.

You collected 84 gold pieces.

Inventory:

Hand Weapons
 a - a +0 short sword of venom (weapon)
 h - a +0 hunting sling
 m - a +0 short sword of distortion
Missiles
 j - 95 stones (quivered)
Armour
 c - a +0 robe
 l - a +0 pair of boots (worn)
 p - a +0 leather armour (worn)
Jewellery
 d - an uncursed ring of ice
Wands
 q - a wand of polymorph (9)
Scrolls
 o - a scroll of amnesia
Potions
 f - a potion of agility
 i - a potion of brilliance
Comestibles
 e - 5 rations
 k - 2 chunks of flesh


   Skills:
 - Level 2.1 Dodging
 - Level 1.7 Stealth
 + Level 4.4 Spellcasting
 + Level 5.4 Conjurations
 * Level 1.8 Summonings
 + Level 6.4 Ice Magic


You couldn't memorise any spells.
You knew the following spells:

 Your Spells              Type           Power        Failure   Level  Hunger
a - Freeze                Ice            ####         1%          1    None
b - Throw Frost           Conj/Ice       ####..       2%          2    ##.....
c - Throw Icicle          Conj/Ice       ####....     17%         4    ####...
A - Ozocubu's Armour      Chrm/Ice       ###.....     16%         3    ###....
B - Summon Ice Beast      Ice/Summ       ###.....     34%         4    ####...

Your spell library contained the following spells:

 Spells                   Type           Power        Failure   Level  Hunger


Dungeon Overview and Level Annotations

Branches:
Dungeon (4/15)
 Temple: D:4-7

Altars:
Elyvilon
Kikubaaqudgha
Sif Muna
Yredelemnul


Innate Abilities, Weirdness & Mutations

Shadows flee at your approach. (+LOS)
You can swim through water.
You cover ground slowly.
You can hop short distances.


Message History

Press: ? - help, Shift-Dir - straight line, f - orc priest
Aim: an orc priest, wielding a +0 club (almost dead, poisoned)
You freeze the orc priest.
You kill the orc priest!
Your life force feels restored.
The orc priest invokes the aid of Beogh against something.
Pain shoots through your body!
* * * LOW HITPOINT WARNING * * *
It was a potion of haste.
You feel yourself speed up.
Casting: Freeze (safe; 1% risk of failure)
Confirm with . or Enter, or press ? or * to list all spells.
Aiming: Throw Icicle (slightly dangerous; 17% risk of failure)
Press: ? - help, Shift-Dir - straight line, f - orc priest
Aim: an orc priest, wielding a +0 hand axe The shard of ice hits the orc priest!
The orc priest is almost dead.
* * * LOW MAGIC WARNING * * *
The orc priest mumbles some strange prayers to Beogh against you.
Pain shoots through your body!
You die...

#.# #.# #.# #.# #.#
#.############ #.#
#.)..........# #.#
#.####.####...
#.###.## #........
#o##...# #.#######
#o##...# #.#
##@##...# #.#
#...#...###.####
#.......^......####
#...#...###........
######.## #.##.##.#
#.# #.##....# #.#
#........ #.#
#.####### #.#
#.#######


You could see an orc priest and an orc.

Vanquished Creatures
  Sigmund (D:3)
  3 orc priests
  Jessica (D:2)
  An iguana (D:4)
  Natasha (thrice) (D:3)
  6 orc wizards
  4 adders
  A worm (D:2)
  2 dart slugs (D:3)
  2 leopard geckos (D:1)
  13 orcs
  2 ball pythons
  A giant cockroach (D:1)
  11 goblins
  5 hobgoblins
  10 jackals
  6 kobolds
  6 bats
  4 frilled lizards
  A leopard gecko skeleton (D:4)
  7 rats
90 creatures vanquished.

Notes
Turn   | Place    | Note
-------+----------+-------------------------------------------
     0 | D:1      | SnubMonkey the Barachi Ice Elementalist began the quest for
                  | the Orb.
     0 | D:1      | Reached XP level 1. HP: 13/13 MP: 3/3
   270 | D:1      | Reached skill level 4 in Ice Magic
   281 | D:1      | Reached XP level 2. HP: 14/19 MP: 0/5
   426 | D:1      | Learned a level 2 spell: Throw Frost
   948 | D:1      | Reached XP level 3. HP: 20/24 MP: 7/7
  1296 | D:2      | Learned a level 3 spell: Ozocubu's Armour
  1758 | D:2      | Noticed Jessica
  1770 | D:2      | Killed Jessica
  1770 | D:2      | Reached XP level 4. HP: 29/30 MP: 0/8
  1775 | D:2      | Reached skill level 5 in Ice Magic
  2500 | D:2      | Found a basalt altar of Yredelemnul.
  2503 | D:2      | Found a white marble altar of Elyvilon.
  2503 | D:2      | Found a deep blue altar of Sif Muna.
  2503 | D:2      | Found an ancient bone altar of Kikubaaqudgha.
  2919 | D:3      | Reached XP level 5. HP: 25/35 MP: 9/9
  3036 | D:3      | Noticed Sigmund
  3047 | D:3      | Learned a level 4 spell: Throw Icicle
  3057 | D:3      | Killed Sigmund
  3057 | D:3      | Reached XP level 6. HP: 33/41 MP: 1/11
  3428 | D:3      | Noticed Natasha
  3431 | D:3      | Killed Natasha
  3909 | D:3      | Reached skill level 6 in Ice Magic
  3918 | D:3      | Reached skill level 5 in Conjurations
  3918 | D:3      | Reached XP level 7. HP: 12/46 MP: 2/13
  3929 | D:3      | Noticed Natasha
  4430 | D:3      | Killed Natasha
  4762 | D:3      | Noticed Natasha
  4768 | D:3      | Killed Natasha
  4805 | D:3      | Learned a level 4 spell: Summon Ice Beast
  5256 | D:4      | Reached skill level 1 in Summonings
  5345 | D:4      | HP: 2/46 [orc priest/nerve-wracking pain (9)]
  5347 | D:4      | Killed from afar by an orc priest

Skill      XL: |  1  2  3  4  5  6  7 |
---------------+----------------------+-----
Ice Magic      | 4 5 6 |  6.4
Spellcasting   | 3 4 |  4.4
Conjurations   | 2 4 5 |  5.4
Summonings     | 1 |  1.8
Dodging        | |  2.1
Stealth        | |  1.7

Action                   |  1- 3 |  4- 6 |  7- 9 || total
-------------------------+-------+-------+-------++-------
Melee: Unarmed           |     3 |       |       ||     3
       Short sword       |    37 |    72 |    39 ||   148
 Cast: Freeze            |    25 |    35 |    15 ||    75
       Throw Frost       |     8 |    12 |     8 ||    28
       Throw Icicle      |       |       |     3 ||     3
       Ozocubu's Armour  |       |       |     1 ||     1
 Abil: Hop               |       |     1 |     1 ||     2
  Use: Scroll            |     2 |     2 |     5 ||     9
       Potion            |       |     2 |     2 ||     4
 Stab: Sleeping          |       |     2 |       ||     2
       Invisible         |       |       |     1 ||     1
  Eat: Chunk             |     4 |     4 |     2 ||    10
       Ration            |       |     1 |     1 ||     2
Armor: Robe              |    12 |    14 |       ||    26
       Leather armour    |       |     6 |    11 ||    17
Dodge: Dodged            |    26 |    51 |    30 ||   107
